 Dungeon Crawl Stone Soup version 0.32-a0-128-g77eb882913 (webtiles) character file.

Game seed: 17930681376820444024

1566 jasper the Zephyrmancer (level 8, -5/48 HPs)
             Began as a Tengu Air Elementalist on Feb 7, 2024.
             Was an Initiate of Vehumet.
             Killed by miscasting Airstrike (9 damage)
             ... on level 7 of the Dungeon.
             The game lasted 00:12:45 (9618 turns).

jasper the Zephyrmancer (Tengu Air Elementalist)    Turns: 9618, Time: 00:12:46

Health: -5/48      AC:  5    Str:  8    XL:     8   Next: 90%
Magic:  0/12       EV: 15    Int: 18    God:    Vehumet [......]
Gold:   269        SH:  0    Dex: 15    Spells: 1/11 levels left

rFire   . . .        e - +0 trident (drain)
rCold   . . .        (no shield)
rNeg    . . .        n - +0 ring mail
rPois   .            (helmet restricted)
rElec   .            (no cloak)
rCorr   .            (no gloves)
SInv    .            (boots unavailable)
Will    .....        (no amulet)
Stlth   +            (no ring)
HPRegen 0.28/turn    (no ring)
MPRegen 0.13/turn

%: acrobat
@: flying, very slightly contaminated
A: beak, talons 3, evasive flight, acrobatic
a: Renounce Religion


You were on level 7 of the Dungeon.
You worshipped Vehumet.
Vehumet was noncommittal.
You visited 2 branches of the dungeon, and saw 8 of its levels.

You collected 269 gold pieces.

Inventory:

Hand Weapons
 e - a +0 trident of draining (weapon)
 h - a +0 short sword
Missiles
 i - a curare-tipped dart
 s - 12 poisoned darts
Armour
 a - a +0 robe
 n - a +0 ring mail (worn)
Wands
 t - a wand of mindburst (11)
Scrolls
 c - 2 scrolls of enchant weapon {unknown}
 f - a scroll of vulnerability
 j - a scroll of poison
 m - 2 scrolls of teleportation
 u - a scroll of identify
 v - a scroll of amnesia {unknown}
Potions
 b - a potion of magic
 d - a potion of haste
 g - a potion of degeneration
 k - 2 potions of curing
 l - 2 potions of berserk rage
 o - a potion of cancellation {unknown}
 p - a potion of might
 q - 3 potions of lignification
 r - a potion of resistance {unknown}


   Skills:
 + Level 3.7 Fighting
 - Level 4.3 Polearms
 + Level 4.0 Armour
 + Level 4.7 Dodging
 - Level 2.0 Stealth
 - Level 2.0 Spellcasting
 - Level 2.8 Conjurations
 - Level 10.0 Air Magic


You had one spell level left.
You knew the following spells:

 Your Spells              Type           Power      Damage    Failure   Level
a - Shock                 Conj/Air       96%        1d9       3%          1
b - Static Discharge      Conj/Air       48%        3-5/arc   5%          2
c - Swiftness             Air            37%        N/A       2%          3
d - Airstrike             Air            18%        2d(3-19)  9%          4

Your spell library contained the following spells:

 Spells                   Type           Power      Damage    Failure   Level
 Cigotuvi's Dreadful Rot  Necr/Alch/Air  26%        N/A       21%         2
 Ensorcelled Hibernation  Hex/Ice        2%         N/A       58%         2
 Fugue of the Fallen      Necr           1%         N/A       83%         3
 Silence                  Hex/Air        9%         N/A       87%         5
 Freezing Cloud           Conj/Ice/Air   8%         6-21      94%         5
 Anguish                  Hex/Necr       0%         N/A       99%         4
 Ignite Poison            Fire/Alch      1%         N/A       99%         4
 Passage of Golubria      Tloc           1%         N/A       99%         4
 Lehudib's Crystal Spear  Conj/Erth      3%         10d2      100%        8


Dungeon Overview and Level Annotations

Branches:
Dungeon (7/15)             Temple (1/1) D:6

Altars:
Ashenzari
Cheibriados
Dithmenos
Fedhas
Kikubaaqudgha
Makhleb
Nemelex Xobeh
Okawaru
Ru
Sif Muna
Trog
Uskayaw
Vehumet
Wu Jian
Xom
Yredelemnul
Zin
The Shining One

Annotations:
D:3 1 runed translucent door, Crazy Yiuf


Innate Abilities, Weirdness & Mutations

You have a beak for a mouth.
You have claws for feet.
Your magical flight helps you evade attacks. (EV +4)
You can magically evade attacks while moving or waiting.


Message History

Okay, then.
Okay, then.
Aiming: Mindburst
Press: ? - help, Shift-Dir - straight line, f/p - steam dragon
Aim: a steam dragon (steam, heavily wounded, chance to affect: 64%)
The steam dragon struggles to resist.
The steam dragon breathes steam at you. The ball of steam misses you.
You are engulfed in a cloud of scalding steam.
* * * LOW HITPOINT WARNING * * *
You take 1 damage, and have 3/48 hp.
Aiming: Mindburst
Press: ? - help, Shift-Dir - straight line, f/p - steam dragon
Aim: a steam dragon (steam, heavily wounded, catching its breath, chance to affect: 64%)
The steam dragon struggles to resist.
Casting: Static Discharge (safe; 5% risk of failure)
Confirm with . or Enter, or press ? or * to list all spells.
Okay, then.
Casting: Static Discharge (safe; 5% risk of failure)
Confirm with . or Enter, or press ? or * to list all spells.
Aiming: Airstrike (dangerous; 9% risk of failure)
Press: ? - help, Dir - move target, p - steam dragon
Okay, then.
Casting: Airstrike (dangerous; 9% risk of failure)
Confirm with . or Enter, or press ? or * to list all spells.
Aiming: Airstrike (dangerous; 9% risk of failure)
Press: ? - help, Dir - move target, f/p - steam dragon
Aim: a steam dragon (heavily wounded, empty space bonus: 2/8)
You miscast Airstrike.
You are very lightly contaminated with residual magic.
Nothing appears to happen.
The steam dragon closely misses you.
The steam dragon claws you but does no damage.
You now have 4/12 mp.
Casting: Airstrike (dangerous; 9% risk of failure)
Confirm with . or Enter, or press ? or * to list all spells.
Aiming: Airstrike (dangerous; 9% risk of failure)
Press: ? - help, Dir - move target, f/p - steam dragon
Aim: a steam dragon (heavily wounded, empty space bonus: 2/8)
You miscast Airstrike.
You feel a sudden electric shock!
You die...

.......## #.# #
####.### #.# # ####.#
#.# ### #.# #
........... ..# #.# #
###..#.##.# #.# #.# # #
.......##.# #.#
#.#######.###
.......##.# #.#
#..........))
####...##.# ###.###
#ยง# ###...##.
#...##.###...@D###.#
#.# #<
####...##.....###.....#
# #. ..............#
#.###.# #.
#####.#######.# #.# #.#
#o .## #.# #.....# #.#
#. #. ..# #.# #..####
#.# #. #o .##
#.#######..# #.# #. #.
## #..........# #.#
##.#####.
######.....#...#
#.###........


You could see a steam dragon.

Vanquished Creatures
  Sigmund (D:6)
  A steam dragon (D:7)
  A black bear (D:6)
  An ogre (D:4)
  A phantom (D:6)
  A bullfrog (D:7)
  A kobold brigand (D:4)
  3 wights (D:7)
  4 hounds
  3 bombardier beetles
  3 jellies (D:5)
  An iguana (D:4)
  6 orc wizards
  7 gnolls
  8 adders
  6 dart slugs
  2 ribbon worms (D:2)
  16 orcs
  A ball python (D:4)
  A bat (D:1)
  8 endoplasms
  4 giant cockroaches
  9 hobgoblins
  4 jackals (D:3)
  7 quokkas
  4 frilled lizards
  5 goblins
  10 kobolds
  7 rats
126 creatures vanquished.

Notes
Turn   | Place    | Note
-------+----------+-------------------------------------------
     0 | D:1      | jasper the Tengu Air Elementalist began the quest for the
                  | Orb.
     0 | D:1      | Reached XP level 1. HP: 10/10 MP: 4/4
   210 | D:1      | Reached XP level 2. HP: 12/15 MP: 1/6
   213 | D:1      | Learned a level 2 spell: Static Discharge
  1010 | D:1      | Reached XP level 3. HP: 19/19 MP: 3/7
  1014 | D:1      | Learned a level 3 spell: Swiftness
  1165 | D:1      | Reached skill level 1 in Polearms
  1804 | D:2      | You fall into a shaft and drop 1 floor!
  2099 | D:3      | Reached XP level 4. HP: 24/24 MP: 5/8
  2281 | D:3      | Reached XP level 5. HP: 28/28 MP: 0/9
  2746 | D:3      | Found a runed translucent door.
  2747 | D:3      | Noticed Crazy Yiuf
  3300 | D:2      | Found a shadowy altar of Dithmenos.
  3441 | D:2      | Reached skill level 5 in Air Magic
  4408 | D:4      | Noticed an ogre
  4487 | D:4      | Killed an ogre
  4488 | D:4      | Reached skill level 6 in Air Magic
  4488 | D:4      | Reached XP level 6. HP: 19/32 MP: 1/10
  4756 | D:4      | Reached skill level 7 in Air Magic
  5220 | D:4      | Reached skill level 8 in Air Magic
  5220 | D:4      | Gained mutation: Your magical flight helps you evade
                  | attacks. (EV +4) [Tengu growth]
  5220 | D:4      | Reached XP level 7. HP: 10/36 MP: 2/11
  5227 | D:4      | Learned a level 4 spell: Airstrike
  5817 | D:4      | Found a bloodstained altar of Trog.
  5899 | D:5      | Entered Level 5 of the Dungeon
  6070 | D:5      | Reached skill level 9 in Air Magic
  7057 | D:6      | Found a staircase to the Ecumenical Temple.
  7064 | Temple   | Entered the Ecumenical Temple
  7077 | Temple   | Became a worshipper of Vehumet
  7292 | D:6      | Reached skill level 10 in Air Magic
  7375 | D:6      | Found a hide-covered altar of Uskayaw.
  7412 | D:6      | Reached skill level 1 in Armour
  7565 | D:6      | Found a basalt altar of Yredelemnul.
  7565 | D:6      | Found an iron altar of Okawaru.
  7795 | D:6      | Noticed Sigmund
  7807 | D:6      | Killed Sigmund
  7808 | D:6      | Reached skill level 1 in Fighting
  7808 | D:6      | Reached XP level 8. HP: 44/44 MP: 4/12
  7875 | D:6      | Found a shimmering altar of Xom.
  7969 | D:6      | Found a shimmering altar of Xom.
  9613 | D:7      | HP: 2/48 [something] (2)]
  9618 | D:7      | Killed by miscasting Airstrike

Illustrated notes

Levels and vault maps discovered:
D:1:      saegor_arrival_fortress, layout_basic
D:2:      layout_basic, basic_altar
D:3:      layout_basic, hangedman_decor_riveting, uniq_crazy_yiuf_cottage
D:4:      layout_basic, kennysheep_mini
D:5:      layout_basic, serial_curves, eino_curves_01, eino_curves_04,
          eino_curves_02
D:6:      layout_layer_cave, xom_redecorated, eat_drink_and_be_merry_uskayaw,
          mainiacjoe_overflow_divided_tiny, minmay_temple_entry_trees,
          uniq_sigmund
D:7:      layout_loops_ring
Temple:   cyrus_circular_temple

Skill      XL: |  1  2  3  4  5  6  7  8 |
---------------+-------------------------+-----
Conjurations   | 2 |  2.8
Polearms       | 2 3 4 |  4.3
Air Magic      | 6 8 10 | 10.0
Armour         | 2 4 |  4.0
Fighting       | 1 3 |  3.7
Dodging        | 3 4 |  4.7
Stealth        | |  2.0
Spellcasting   | |  2.0

Action                     |  1- 3 |  4- 6 |  7- 9 || total
---------------------------+-------+-------+-------++-------
  Melee: Unarmed           |     4 |       |       ||     4
         Kick              |     3 |     2 |     1 ||     6
         Trident           |    11 |    11 |     7 ||    29
         Peck              |     2 |     3 |     1 ||     6
   Cast: Shock             |    85 |   128 |    94 ||   307
         Static Discharge  |       |    21 |    20 ||    41
         Airstrike         |       |       |     7 ||     7
  Evoke: Wand              |       |       |     2 ||     2
    Use: Scroll            |       |    12 |     4 ||    16
 Armour: Robe              |    16 |    62 |       ||    78
         Ring mail         |       |       |    54 ||    54
  Dodge: Dodged            |    21 |    29 |    28 ||    78

Table legend: (Time is in decaauts)
 A = Elapsed time spent in this place.
 B = Non-inter-level travel time spent in this place.
 C = Inter-level travel time spent in this place.
 D = Time resting spent in this place.
 E = Time spent auto-exploring this place.
 F = Levels seen in this place.
 G = Mean time per level.
                   A        B        C        D        E       F      G
               +--------+--------+--------+--------+--------+-----+--------+
         Total |   9625 |   9302 |    323 |    732 |   7698 |   8 | 1203.1 |
       Dungeon |   9598 |   9299 |    299 |    732 |   7698 |   7 | 1371.1 |
        Temple |     26 |      2 |     24 |      0 |      0 |   1 |   26.0 |
               +--------+--------+--------+--------+--------+-----+--------+

Top non-repeatable levels by time:
     D:6: 1802 daAuts
     D:3: 1617 daAuts
     D:2: 1612 daAuts
     D:4: 1352 daAuts
     D:1: 1320 daAuts
     D:5: 1158 daAuts
     D:7: 733 daAuts
  Temple: 26 daAuts
